 Dungeon Crawl Stone Soup version 0.21.0-37-g46506fa (webtiles) character file.

15 RollingDesktops the Sneak (level 2, 0/13 HPs)
             Began as a Spriggan Enchanter on Feb 1, 2018.
             Slain by a worm (5 damage)
             ... on level 2 of the Dungeon.
             The game lasted 00:05:00 (1443 turns).

RollingDesktops the Sneak (Spriggan Enchanter)      Turns: 1443, Time: 00:05:01

Health: 0/13       AC:  2    Str:  4    XL:     2   Next: 34%
Magic:  6/6        EV: 18    Int: 16    God:
Gold:   69         SH:  2    Dex: 16    Spells: 5/6 levels left

rFire    . . .     SeeInvis +   a - +1 dagger
rCold    . . .     Gourm    .   (shield restricted)
rNeg     . . .     Faith    .   h - +0 robe (curse)
rPois    .         Spirit   .   (helmet restricted)
rElec    .         Reflect  +   (no cloak)
rCorr    .         Harm     .   (gloves unavailable)
MR       .....                  (boots unavailable)
Stlth    +++.......             e - +2 amulet of reflection
HPRegen  0.04/turn              (no ring)
MPRegen  0.10/turn              (no ring)

@: very quick
A: very small, unfitting armour, see invisible, herbivore, speed 3, slow
metabolism 2
a: no special abilities


You were on level 2 of the Dungeon.
You were not hungry.

You visited 1 branch of the dungeon, and saw 2 of its levels.

You collected 69 gold pieces.

Inventory:

Hand Weapons
 a - a +1 dagger (weapon)
Armour
 b - a +0 robe
 h - a cursed +0 robe (worn)
 q - a +0 pair of gloves
Jewellery
 e - a +2 amulet of reflection (around neck)
Scrolls
 k - a scroll of enchant weapon {unknown}
 l - 3 scrolls of amnesia {unknown}
 m - a scroll of remove curse {unknown}
 n - a scroll of immolation {unknown}
 o - 2 scrolls of identify {unknown}
Potions
 f - 3 potions of degeneration {unknown}
 g - a potion of curing {unknown}
 i - a potion of might {unknown}
 j - a potion of flight {unknown}
 p - a potion of heal wounds {unknown}
Books
 c - a book of Maledictions

   Spells                             Type                      Level
   a - Corona                         Hexes                        1
   b - Ensorcelled Hibernation        Hexes/Ice                    2
   c - Confuse                        Hexes                        3
   d - Tukima's Dance                 Hexes                        3
   e - Dazzling Spray                 Conjuration/Hexes            3
Comestibles
 d - 2 rations


   Skills:
 + Level 1.1 Short Blades
 + Level 3.1 Dodging
 + Level 4.8 Stealth
 + Level 2.9 Spellcasting
 + Level 4.1 Hexes


You had 5 spell levels left.
You knew the following spells:

 Your Spells              Type           Power        Failure   Level  Hunger
a - Corona                Hex            ###....      3%          1    #......


Dungeon Overview and Level Annotations

Branches:
Dungeon (2/15)

Altars:


Innate Abilities, Weirdness & Mutations

You are very small and have problems with some larger weapons.
You are too small for most types of armour.
You have supernaturally acute eyesight. (SInv)
You are a herbivore.
You cover ground extremely quickly.
You need consume almost no food.


Message History

The worm bites you.
You hit the worm.
The worm is moderately wounded.
You hit the worm.
The worm is moderately wounded.
The worm misses you.
You hit the worm.
The worm is moderately wounded.
The worm bites you but does no damage.
You hit the worm.
The worm is heavily wounded.
You hit the worm.
The worm is heavily wounded.
The worm bites you.
You barely miss the worm.
The worm is heavily wounded.
You hit the worm.
The worm is severely wounded.
The worm bites you.
You die...

.###### #.#### ##
......# #.# #.
.####.# #.# #. .#
#.#############.# #.
.## #.#.............#
#.
..###.#.#############
#. ...##.#.#
############.#####
........#
#w................
...##.### #@#
#######.#### ..###.#
#.# ##.# .## #.# #.#
#######.#.# ## #.#
#.# #......###.#
#)##########.#
#.#####.# ##
#.........##.####.#
#.#
#########......##.#
## #### #......##.##
...# #......#...#


You could see a worm.

Vanquished Creatures
  2 ball pythons
  A goblin (D:2)
  A hobgoblin (D:2)
  6 kobolds (D:1)
  2 bats (D:2)
  4 rats
  A plant (D:1)
17 creatures vanquished.

Vanquished Creatures (others)
  A bush (D:1)
1 creature vanquished.

Grand Total: 18 creatures vanquished

Notes
Turn   | Place    | Note
-------+----------+-------------------------------------------
     0 | D:1      | RollingDesktops the Spriggan Enchanter began the quest for the Orb.
     0 | D:1      | Reached XP level 1. HP: 9/9 MP: 5/5
   347 | D:1      | Reached XP level 2. HP: 8/13 MP: 6/6
  1443 | D:2      | Slain by a worm

Skill      XL: |  1 |
---------------+----+-----
Hexes          | 4 |  4.1
Short Blades   | |  1.1
Dodging        | |  3.1
Stealth        | |  4.8
Spellcasting   | |  2.9

Action                   || total
-------------------------++-------
Melee: Dagger            ||   212
 Stab: Sleeping          ||     3
Armor: Robe              ||    10
Dodge: Dodged            ||    62
Block: Other             ||    10
